 Dungeon Crawl Stone Soup version 0.21.1-1-g345015fe64 (webtiles) character file.

158 JOKERXD40 the Shield-Bearer (level 5, -2/46 HPs)
             Began as a Hill Orc Fighter on June 22, 2018.
             Slain by Sigmund
             ... wielding a +2 antimagic scythe
              (11 damage)
             ... on level 3 of the Dungeon.
             The game lasted 00:04:07 (1828 turns).

JOKERXD40 the Shield-Bearer (Hill Orc Fighter)      Turns: 1828, Time: 00:04:08

Health: -2/46      AC:  9    Str: 20    XL:     5   Next: 39%
Magic:  0/5        EV:  7    Int:  8    God:
Gold:   94         SH:  9    Dex: 10    Spells: 4/4 levels left

rFire    . . .     SeeInvis .   a - +0 war axe
rCold    . . .     Gourm    .   c - +0 shield
rNeg     . . .     Faith    .   b - +0 scale mail
rPois    .         Spirit   .   (no helmet)
rElec    .         Reflect  .   q - +0 cloak {MR+}
rCorr    .         Harm     .   g - +0 pair of gloves
MR       +....                  (no boots)
Stlth    ..........             (no amulet)
HPRegen  0.15/turn              (no ring)
MPRegen  0.09/turn              (no ring)

@: no status effects
A: no striking features
a: no special abilities


You were on level 3 of the Dungeon.
You were hungry.

You visited 1 branch of the dungeon, and saw 3 of its levels.

You collected 94 gold pieces.

Inventory:

Hand Weapons
 a - a +0 war axe (weapon)
Armour
 b - a +0 scale mail (worn)
 c - a +0 shield (worn)
 g - a +0 pair of gloves (worn)
 q - a +0 cloak of magic resistance (worn)
Scrolls
 e - a scroll of enchant armour {unknown}
 h - a scroll of identify {unknown}
 j - a scroll of fog {unknown}
 k - a scroll of magic mapping {unknown}
 l - a scroll of remove curse
 r - a scroll of enchant weapon {unknown}
Potions
 d - 2 potions of might
 i - 2 potions of curing
 m - a potion of brilliance {unknown}
 o - a potion of ambrosia {unknown}
 p - a potion of mutation {unknown}
Books
 n - a book of Misfortune

   Spells                             Type                      Level
   a - Confusing Touch                Hexes                        1
   b - Confuse                        Hexes                        3
   c - Gell's Gravitas                Translocation                3
   d - Petrify                        Transmutation/Earth          4
   e - Metabolic Englaciation         Hexes/Ice                    5
   f - Yara's Violent Unravelling     Hexes/Transmutation          5
Comestibles
 f - 2 rations


   Skills:
 + Level 4.1 Fighting
 + Level 4.4 Axes
 + Level 3.9 Armour
 + Level 0.7 Dodging
 + Level 4.7 Shields


You had 4 spell levels left.
You didn't know any spells.

Dungeon Overview and Level Annotations

Branches:
Dungeon (3/15)

Altars:

Annotations:
D:3 Sigmund


Message History

You hear some strange, mumbled words.
A puff of flame appears from out of thin air!
The puff of flame hits you!
You miss something. Something hits you but does no damage.
You barely miss something. Something hits you but does no damage.
Your shield and scale mail prevent you from hitting something.
Something hits you but does no damage.
You completely miss something. Something hits you.
You miss something. Something hits you!
You feel your power leaking away.
You miss something. Something hits you but does no damage.
Your shield and scale mail prevent you from hitting something.
Something hits you.
You barely miss something.
You hear some strange, mumbled words.
A magic dart appears from out of thin air!
The magic dart hits you!
* * * LOW HITPOINT WARNING * * *
You closely miss something. Something hits you!
You die...

#... ###. ##### ##.
#...#.####..
########...#.......
#......#...#######.
. #.##..........# #.
....##.##..........#
##
......{@.....).....#
##
.#..##..........####
#. #..#.#.....# #.
#..........# #.
##.####.#.## #. #?#
#.#.# #. #.# #...#
#. ... #..#########.
#..##........


There were no monsters in sight!

Vanquished Creatures
  Crazy Yiuf (D:2)
  Robin (D:3)
  2 adders (D:2)
  A gnoll (D:1)
  An ooze (D:2)
  A worm (D:3)
  4 dart slugs
  2 leopard geckos
  3 orcs (D:3)
  2 giant cockroaches
  13 goblins
  8 hobgoblins
  8 jackals
  2 quokkas
  A ball python (D:2)
  5 bats
  3 frilled lizards
  6 kobolds
  2 rats
66 creatures vanquished.

Notes
Turn   | Place    | Note
-------+----------+-------------------------------------------
     0 | D:1      | JOKERXD40 the Hill Orc Fighter began the quest for the Orb.
     0 | D:1      | Reached XP level 1. HP: 19/19 MP: 1/1
    62 | D:1      | Reached XP level 2. HP: 22/27 MP: 2/2
   230 | D:1      | Reached XP level 3. HP: 23/33 MP: 3/3
   747 | D:2      | Reached XP level 4. HP: 17/40 MP: 4/4
  1185 | D:2      | Found a runed door.
  1189 | D:2      | Noticed Crazy Yiuf
  1201 | D:2      | Killed Crazy Yiuf
  1486 | D:3      | Reached XP level 5. HP: 38/46 MP: 5/5
  1571 | D:3      | Noticed Robin
  1590 | D:3      | Killed Robin
  1809 | D:3      | Noticed Sigmund
  1828 | D:3      | Slain by Sigmund

Skill      XL: |  1  2  3  4  5 |
---------------+----------------+-----
Axes           | 3 4 |  4.4
Shields        | 4 |  4.7
Fighting       | 4 |  4.1
Armour         | |  3.9
Dodging        | |  0.7

Action                   |  1- 3 |  4- 6 || total
-------------------------+-------+-------++-------
Melee: War axe           |    92 |   148 ||   240
  Use: Scroll            |       |     1 ||     1
  Eat: Chunk             |       |     3 ||     3
Armor: Scale mail        |    55 |    63 ||   118
Dodge: Dodged            |    28 |    49 ||    77
Block: Shield            |    67 |    77 ||   144
